Map: Orbital Shipyard

Players

wabbajack - Winner!

  • Race: Zerg Zerg
  • League: Bronze

Neretic

  • Race: Protoss Protoss
  • League: Grandmaster

VOD

Have the link to the VOD?

Description

Time

  • Played on: July 16, 2015, 1:23 p.m.
  • Length: 10:23
Show
View Real Time Build Order
Export as new Build Order

wabbajack Zerg - Winner!

Build Orders: Hatch First 

Get SALT Encoding   

  12  0:01  Drone  
  13  0:13  Overlord  
  13  0:24  Drone  
  13  0:27  Extractor  
  13  0:28  Drone x2, Extractor  
  16  0:36  Drone  
  17  0:55  Hatchery  
  16  1:09  Spawning Pool  
  15  1:12  Drone, Extractor  
  15  1:16  Drone  
  16  1:20  Drone  
  17  1:42  Drone x2  
  19  1:59  Extractor  
  19  2:00  Queen  
  20  2:03  Drone x2  
  22  2:08  Drone, Queen  
  22  2:12  Drone  
  26  2:18  Drone  
  26  2:19  Overlord  
  26  2:21  Metabolic Boost  
  27  2:46  Pneumatized Carapace  
  27  3:01  Zergling x6  
  27  3:02  Zergling x2  
  31  3:06  Overlord  
  31  3:11  Zergling x6  
  31  3:12  Zergling x2  
  35  3:22  Overlord x2  
  35  3:28  Drone  
  36  3:35  Zergling x8  
  36  3:38  Overlord  
  40  3:52  Hatchery  
  39  4:14  Lair  
  39  4:17  Drone  
  39  4:18  Evolution Chamber, Drone x8  
  35  5:22  Drone x8  
  35  5:23  Drone x7  
  35  5:25  Queen  
  35  5:26  Overlord x3  
  52  5:31  Zerg Missile Weapons Level 1  
  52  5:32  Hydralisk Den  
  51  5:35  Evolution Chamber  
  51  5:42  Overlord x2  
  50  5:52  Extractor x2  
  48  6:05  Drone x2  
  48  6:06  Drone x4  
  48  6:07  Drone x2  
  48  6:08  Drone x3  
  59  6:11  Muscular Augments  
  59  6:21  Zerg Ground Armor Level 1  
  59  6:25  Extractor  
  59  6:27  Extractor  
  59  6:32  Drone x2  
  59  6:35  Drone x3  
  59  6:36  Drone x3  
  59  6:38  Drone x3  
  68  6:40  Overlord x2  
  68  6:48  Roach Warren  
  68  6:49  Hydralisk x3  
  73  6:55  Hydralisk  
  73  6:56  Hydralisk  
  73  6:58  Queen  
  73  6:59  Queen  
  81  7:07  Overlord  
  81  7:08  Overlord x3  
  77  7:27  Spore Crawler  
  77  7:29  Spore Crawler  
  75  7:36  Spore Crawler, Lurker Den  
  74  7:37  Spore Crawler  
  73  7:47  Glial Reconstitution  
  73  7:52  Zerg Missile Weapons Level 2  
  73  7:55  Roach x12  
  97  8:19  Hatchery  
  96  8:23  Nydus Network  
  95  8:48  Hydralisk x7  
  97  8:49  Hydralisk  
  97  8:50  Hydralisk  
  97  8:52  Zergling x2  
  97  8:53  Zergling x42  
  135  9:12  Overseer x2  
  135  9:22  Overlord x4  
Show
View Real Time Build Order
Export as new Build Order

Neretic Protoss 

Build Orders:  

Get SALT Encoding   

  12  0:01  Probe  
  13  0:18  Probe  
  13  0:20  Pylon  
  14  0:40  Probe (Chrono Boost)  
  15  0:46  Probe (Chrono Boost)  
  15  0:49  Assimilator  
  16  0:57  Probe (Chrono Boost)  
  16  1:03  Gateway  
  17  1:09  Probe (Chrono Boost)  
  18  1:13  Pylon  
  18  1:17  Probe (Chrono Boost)  
  19  1:25  Forge  
  19  1:26  Probe (Chrono Boost)  
  20  1:38  Probe (Chrono Boost)  
  21  1:43  Assimilator  
  22  1:47  Probe (Chrono Boost)  
  22  1:55  Probe  
  22  1:56  Cybernetics Core  
  22  1:59  Photon Cannon  
  22  2:01  Zealot  
  25  2:10  Probe (Chrono Boost)  
  26  2:16  Protoss Ground Weapons Level 1  
  26  2:20  Probe (Chrono Boost)  
  27  2:27  Probe  
  28  2:33  Pylon  
  28  2:39  Probe  
  29  2:45  Pylon  
  29  2:52  Mothership Core  
  30  3:06  Nexus  
  30  3:11  Warp Gate (Chrono Boost)  
  30  3:15  Sentry  
  32  3:24  Probe  
  33  3:29  Photon Cannon  
  33  3:38  Gateway  
  33  3:40  Gateway  
  34  3:48  Probe (Chrono Boost)  
  34  3:58  Probe (Chrono Boost)  
  35  4:05  Probe (Chrono Boost)  
  35  4:06  Stargate  
  36  4:15  Probe (Chrono Boost)  
  37  4:19  Probe (Chrono Boost)  
  37  4:23  Probe  
  39  4:30  Probe  
  28  5:03  Zealot  
  28  5:04  Zealot x2  
  31  5:13  Probe (Chrono Boost)  
  30  5:22  Void Ray (Chrono Boost)  
  30  5:24  Probe (Chrono Boost)  
  30  5:25  Stalker x2  
  30  5:26  Stalker  
  30  5:28  Probe (Chrono Boost)  
  42  5:38  Probe (Chrono Boost)  
  43  5:43  Protoss Ground Armor Level 1  
  43  5:45  Probe x2  
  45  5:57  Probe (Chrono Boost)  
  45  6:01  Probe (Chrono Boost)  
  45  6:03  Assimilator  
  47  6:06  Oracle (Chrono Boost)  
  47  6:08  Probe (Chrono Boost)  
  47  6:10  Probe (Chrono Boost)  
  52  6:14  Probe (Chrono Boost)  
  52  6:17  Probe  
  54  6:21  Photon Cannon  
  54  6:26  Probe  
  54  6:29  Probe  
  56  6:34  Robotics Facility  
  56  6:38  Probe  
  57  6:55  Stalker  
  59  7:01  Pylon  
  59  7:02  Pylon  
  59  7:19  Void Ray  
  63  7:33  Pylon  
  63  7:36  Probe (Chrono Boost)  
  64  7:38  Robotics Bay  
  64  7:39  Probe (Chrono Boost)  
  64  7:41  Assimilator  
  65  7:46  Stalker x2  
  65  7:47  Stalker, Probe x2 (Chrono Boost)  
  73  7:56  Twilight Council  
  73  7:58  Gateway  
  73  8:01  Gateway, Nexus  
  73  8:04  Pylon  
  73  8:09  Void Ray (Chrono Boost)  
  73  8:11  Observer (Chrono Boost)  
  78  8:23  Stalker  
  78  8:25  Zealot  
  82  8:31  Probe (Chrono Boost)  
  82  8:32  Probe (Chrono Boost)  
  85  8:41  Probe (Chrono Boost)  
  85  8:43  Photon Cannon  
  85  8:49  Probe (Chrono Boost)  
  86  8:59  Probe (Chrono Boost)  
  86  9:00  Assimilator  
  87  9:06  Assimilator  
  87  9:09  Probe (Chrono Boost)  
  85  9:22  Stalker x2  
  93  9:25  Probe  
  93  9:26  Disruptor x2 (Chrono Boost)  
  94  9:37  Zealot x3  
  94  9:38  Probe  
  100  9:51  Zealot  
  99  9:56  Zealot  
  74  10:08  Zealot x2  
  74  10:09  Zealot  
Tags
 
Add a new tag
Caveats
  • Supply blocks, unpowered buildings, or Contaminate may cause inaccurate times.
  • Supply counts are checked every 10 seconds.